 Dungeon Crawl Stone Soup version 0.31.0 (webtiles) character file.

Game seed: 9367918340274501102

186 qw the Shooter (level 5, -8/33 HPs)
             Began as a Gargoyle Hunter on Jan 20, 2024.
             Killed by divine providence
             ... invoked by an orc priest
              (15 damage)
             ... on level 3 of the Dungeon.
             The game lasted 00:00:09 (2412 turns).

qw the Shooter (Gargoyle Hunter)                    Turns: 2412, Time: 00:00:09

Health: -8/33      AC: 10    Str: 14    XL:     5   Next: 66%
Magic:  5/5        EV: 10    Int: 10    God:
Gold:   140        SH:  0    Dex: 15    Spells: 4/4 levels left

rFire   . . .        a - +0 shortbow (heavy)
rCold   . . .        (shield currently unavailable)
rNeg    + . .        k - +0 ring mail
rPois   inf          f - +0 helmet
rElec   +            (no cloak)
rCorr   .            (no gloves)
SInv    .            (no boots)
Will    .....        (no amulet)
Stlth   +            (no ring)
HPRegen 0.25/turn    (no ring)
MPRegen 0.09/turn

%: no passive effects
@: no status effects
A: sickness immunity, AC +4, negative energy resistance 1, electricity
resistance, torment resistance 1, petrification resistance
a: no special abilities


You were on level 3 of the Dungeon.
You visited 1 branch of the dungeon, and saw 3 of its levels.

You collected 140 gold pieces.


Innate Abilities, Weirdness & Mutations

You are immune to sickness and miasma.
Your stone body is resilient. (AC +4)
You are immune to poison.
You resist negative energy. (rN+)
You are resistant to electric shocks. (rElec)
You are resistant to unholy torment.
You are immune to petrification.


   Skills:
 + Level 3.6 Fighting
 - Level 6.0 Ranged Weapons
 - Level 1.1 Armour
 - Level 1.5 Dodging
 - Level 1.1 Stealth


You had 4 spell levels left.
You didn't know any spells.
Your spell library was empty.

Inventory:

Hand Weapons
 a - a +0 heavy shortbow (weapon)
Armour
 f - a +0 helmet (worn)
 k - a +0 ring mail (worn)
Scrolls
 h - a scroll of identify
Potions
 b - a potion of attraction {unknown}
 c - a potion of heal wounds {unknown}
 d - a potion of haste
 e - 3 potions of curing
 g - a potion of might {unknown}

Dungeon Overview and Level Annotations

Branches:
Dungeon (3/15)

Altars:
Elyvilon
Kikubaaqudgha
Sif Muna


Message History

The bat hits you but does no damage. The bat barely misses you.
You shoot an arrow.
The arrow hits the bat but does no damage.
The bat hits you but does no damage.
You shoot an arrow. The arrow hits the bat!
You kill the bat!
An orc priest comes into view. It is wielding a +0 flail.
The orc priest shouts!
The orc priest looks encouraged for a moment.
An orc comes into view. It is wielding a +0 morningstar.
The orc shouts!
You hear a shout!
You shoot an arrow. The arrow hits the orc priest!
The orc priest is almost dead.
An orc comes into view. It is wielding a +0 mace.
An orc comes into view. It is wielding a +0 falchion.
You shoot an arrow. The orc shouts!
The arrow hits the orc!
You kill the orc!
You shoot an arrow. The arrow hits the orc priest.
The orc priest is almost dead.
An orc comes into view. It is wielding a +0 hand axe.
You shoot an arrow. The arrow hits the orc!
You kill the orc!
The orc priest calls down the wrath of Beogh upon you.
Beogh smites you!
Ouch! That really hurt!
2405 ||| FLEEEEING.
2406 ||| FLEEEEING.
2407 ||| FLEEEEING.
2408 ||| FLEEEEING.
2409 ||| FLEEEEING.
2410 ||| FLEEEEING.
2411 ||| FLEEEEING.
The orc priest invokes the aid of Beogh against you.
Beogh smites you!
2412 ||| FLEEEEING.
The orc priest calls down the wrath of Beogh upon you.
Beogh smites you!
You die...

###
#.################
#.................
#[################
#@# #.# ######o###
#........#
####.....o..#
.........>%.###
####..........#
######o....#
#.....#


You could see an orc priest and 2 orcs.

Vanquished Creatures
  Terence (D:2)
  9 adders
  A dart slug (D:1)
  A ribbon worm (D:2)
  2 orcs (D:3)
  6 bats
  6 endoplasms
  6 giant cockroaches
  4 hobgoblins
  2 jackals (D:3)
  10 kobolds
  3 quokkas
  11 ball pythons
  3 frilled lizards
  5 goblins
  2 rats (D:1)
72 creatures vanquished.

Notes
Turn   | Place    | Note
-------+----------+-------------------------------------------
     0 | D:1      | qw the Gargoyle Hunter began the quest for the Orb.
     0 | D:1      | Reached XP level 1. HP: 12/12 MP: 1/1
     0 | D:1      | 0 ||| qw: Version: 0.3-a-132-g3d54051
     0 | D:1      | 0 ||| qw: Game counter: 528
     0 | D:1      | 0 ||| qw: Melee chars always use a shield: true
     0 | D:1      | 0 ||| qw: God list: Okawaru
     0 | D:1      | 0 ||| qw: Allow faded altars: false
     0 | D:1      | 0 ||| qw: Do Orc after clearing Dungeon:15 true
     0 | D:1      | 0 ||| qw: Do second Lair branch before Depths: true
     0 | D:1      | 0 ||| qw: Lair rune preference: random
     0 | D:1      | 0 ||| qw: Goals: Normal
     0 | D:1      | 0 ||| PLANNING D:1-11
   301 | D:1      | Reached XP level 2. HP: 17/17 MP: 2/2
   602 | D:1      | Reached XP level 3. HP: 21/21 MP: 3/3
   681 | D:1      | Reached skill level 5 in Ranged Weapons
   898 | D:1      | 898 ||| UPGRADING to +0 helmet.
   903 | D:1      | 903 ||| UPGRADING to +0 ring mail.
   913 | D:1      | 913 ||| DROPPING +0 leather armour.
   914 | D:1      | 914 ||| READING scroll labelled VIASOKK DATI.
   930 | D:1      | 930 ||| READING scroll labelled BUTTAE KAUQE.
   930 | D:1      | 930 ||| BRANDING +0 shortbow.
   931 | D:1      | 931 ||| READING scroll labelled NOMPOU GUKO.
   932 | D:1      | 932 ||| DRINKING 2 inky potions.
   933 | D:1      | 933 ||| DRINKING 2 cyan potions.
   934 | D:1      | 934 ||| DROPPING scroll of butterflies.
   935 | D:1      | 935 ||| DROPPING potion of invisibility.
  1017 | D:2      | Reached skill level 1 in Armour
  1263 | D:2      | Reached XP level 4. HP: 27/27 MP: 4/4
  1316 | D:2      | Reached skill level 3 in Fighting
  1316 | D:2      | 1316 ||| FLEEEEING.
  1488 | D:2      | Noticed Terence
  1494 | D:2      | Killed Terence
  1545 | D:2      | Found a white marble altar of Elyvilon.
  1869 | D:2      | 1869 ||| READING scroll labelled EZXONO OJOSIHO.
  1869 | D:2      | 1869 ||| IDENTIFYING brown potion
  1870 | D:2      | 1870 ||| READING scroll labelled YCOCWE ZISE.
  1871 | D:2      | 1871 ||| READING scroll labelled NYNKETSIPRY.
  1934 | D:3      | Found an ancient bone altar of Kikubaaqudgha.
  2077 | D:3      | Found a shimmering blue altar of Sif Muna.
  2204 | D:3      | Reached XP level 5. HP: 31/32 MP: 5/5
  2273 | D:3      | Reached skill level 6 in Ranged Weapons
  2405 | D:3      | 2405 ||| FLEEEEING.
  2406 | D:3      | 2406 ||| FLEEEEING.
  2407 | D:3      | 2407 ||| FLEEEEING.
  2408 | D:3      | 2408 ||| FLEEEEING.
  2409 | D:3      | 2409 ||| FLEEEEING.
  2410 | D:3      | 2410 ||| FLEEEEING.
  2411 | D:3      | 2411 ||| FLEEEEING.
  2411 | D:3      | HP: 7/33 [orc priest/divine providence (10)]
  2412 | D:3      | 2412 ||| FLEEEEING.
  2412 | D:3      | Killed from afar by an orc priest

Levels and vault maps discovered:
D:1:      minmay_arrival_diagonal_passages, layout_loops_corners,
          minmay_tetromino_t4
D:2:      layout_loops_corners, basic_altar, uniq_terence
D:3:      layout_basic, mainiacjoe_overflow_tiny_flanked,
          mainiacjoe_overflow_concentric_impassable, minmay_snake_closets

Skill      XL: |  1  2  3  4  5 |
---------------+----------------+-----
Ranged Weapons | 5 6 |  6.0
Armour         | 1 |  1.1
Fighting       | 3 |  3.6
Dodging        | |  1.5
Stealth        | |  1.1

Action                     |  1- 3 |  4- 6 || total
---------------------------+-------+-------++-------
   Fire: Shortbow          |   109 |    91 ||   200
    Use: Scroll            |     3 |     3 ||     6
         Potion            |     2 |       ||     2
 Armour: Leather armour    |    23 |       ||    23
         Ring mail         |     9 |    53 ||    62
  Dodge: Dodged            |    32 |    51 ||    83

Table legend:
 A = Non-vault XP
 B = Vault XP
 C = Vault XP percentage of total XP
 D = Non-vault monster count
 E = Vault monster count
 F = Vault count percentage of total count
                 A         B        C        D         E       F
            +---------+---------+-------+---------+---------+-------
      Total |     153 |     114 |  42.7 |      59 |      13 |  18.1
            +---------+---------+-------+---------+---------+-------
        D:1 |      44 |       5 |  10.2 |      26 |       3 |  10.3
        D:2 |      48 |      36 |  42.9 |      20 |       1 |   4.8
        D:3 |      61 |      73 |  54.5 |      13 |       9 |  40.9
            +---------+---------+-------+---------+---------+-------
